 Dungeon Crawl Stone Soup version 0.20.1-1-g8b1a95d (webtiles) character file.

1950 Lanoc the Covert (level 9, -5/59 HPs)
             Began as an Octopode Monk on Nov 28, 2017.
             Was a Believer of Dithmenos.
             Killed from afar by an orc wizard (11 damage)
             ... with a puff of flame
             ... on level 7 of the Dungeon.
             The game lasted 00:19:02 (4891 turns).

Lanoc the Covert (Octopode Monk)                    Turns: 4891, Time: 00:19:03

Health: -5/59      AC:  1    Str: 15    XL:     9   Next: 18%
Magic:  9/9        EV: 20    Int: 12    God:    Dithmenos [**....]
Gold:   226        SH:  5    Dex: 20    Spells: 8/8 levels left

rFire    . . .     SeeInvis .   a - +2 dagger (speed)
rCold    . . .     Gourm    .   (no shield)
rNeg     . . .     Faith    .   (helmet restricted)
rPois    .         Spirit   .   c - +5 amulet of reflection
rElec    .         Reflect  +   m - +3 ring of evasion
rCorr    .         Harm     .   q - ring of flight
MR       .....                  o - +2 ring of dexterity
Stlth    ++++++++..             w - ring of wizardry
Regen    0.2/turn               (no ring)
MPRegen  0.2/turn               (no ring)
                                (no ring)
                                (no ring)

@: mighty, lethally poisoned (-5 -> -11), wreathed by umbra
A: almost no armour, stealthy swim, amphibious, 8 rings, constrict 8, camouflage
1, gelatinous body 1
a: Shadow Step, Renounce Religion, Evoke Flight


You were on level 7 of the Dungeon.
You worshipped Dithmenos.
Dithmenos was pleased with you.
You were not hungry.

You visited 1 branch of the dungeon, and saw 7 of its levels.

You collected 226 gold pieces.

Inventory:

Hand Weapons
 a - a +2 dagger of speed (weapon)
Jewellery
 c - a +5 amulet of reflection (around mantle)
 m - a +3 ring of evasion (left tentacle)
 o - a +2 ring of dexterity (on tentacle)
 q - a ring of flight (right tentacle)
 w - a ring of wizardry (on tentacle)
Wands
 l - a wand of iceblast (9/15)
Scrolls
 e - a scroll of fear
 i - 4 scrolls of identify
 n - a scroll of enchant weapon
 t - a scroll of magic mapping
Potions
 f - a potion of might
 g - 5 potions of curing {unknown}
 h - 2 potions of lignification
 j - a potion of ambrosia {unknown}
 k - a potion of brilliance {unknown}
 r - 2 potions of resistance {unknown}
Comestibles
 b - 3 bread rations
 d - 3 meat rations
 p - 5 chunks of flesh


   Skills:
 + Level 4.6 Fighting
 + Level 6.6 Short Blades
 + Level 5.3 Dodging
 * Level 11.8 Stealth


You had 8 spell levels left.
You didn't know any spells.

Dungeon Overview and Level Annotations

Branches:
Dungeon (7/15)             Temple (0/1) D:7

Altars:
Dithmenos
Nemelex Xobeh
Trog


Innate Abilities, Weirdness & Mutations

You cannot wear most types of armour.
You are very stealthy in the water. (Stealth+)
You are amphibious.
You can wear up to eight rings at the same time.
You can use your tentacles to constrict eight enemies at once.
Your skin changes colour to match your surroundings (Stealth+).
Your rubbery body absorbs attacks. (AC +1, EV +1)


Message History

The orc wizard hits you with a dagger.
You hit the meliai zombie. Your grab misses the meliai zombie.
The meliai zombie is lightly damaged.
You constrict the orc wizard.
You constrict the hound, but do no damage.
You feel sick. You block the meliai zombie's attack.
The meliai zombie hits you! The hound misses you.
The shadow imp gestures at you. Pain shoots through your body!
* * * LOW HITPOINT WARNING * * *
A crimson imp and 2 zombies come into view.
It was a potion of might.
You feel very mighty all of a sudden.
You constrict the orc wizard. You constrict the hound.
The meliai zombie misses you. You block the meliai zombie's attack.
The hound completely misses you.
The wolf spider zombie moves out of view.
The orc wizard points at you and mumbles some strange words.
The puff of flame hits you!
You die...

#.#.#.#.#⌠.⌠..
!.........5..
......#..⌠.⌠ ##
...........# #..
..>...#..<.# #.#
...........# #.#
.)....#oo..# #.#
......ho†(.#### #.#
#.#.#.#@......#####.####
.....oZ5.........#....<.
....#Z##...#.....#.)###.
...).........._...>...#.
....4..............##...
#..5Z...................
###.##.#....###.##......
.. #5#........##......
#!#....######......


You could see a hellwing, a hound, an orc priest, an orc wizard, a crimson imp,
2 shadow imps, 2 orcs, a centaur warrior zombie (wandering), a meliai zombie and
a centaur warrior skeleton.

Vanquished Creatures
  The ghost of Lanoc the Covert, a novice OpMo (D:6)
  Eustachio (D:5)
  Menkaure (D:6)
  The ghost of Ymberto the Skirmisher, an amateur HuHu (D:3)
  An ogre (D:5)
  3 centaurs
  Blork the orc (D:6)
  2 bullfrogs (D:6)
  A water moccasin skeleton (D:6)
  5 wights (D:6)
  A crimson imp (D:6)
  A hound (D:6)
  A gnoll shaman (D:6)
  An orc priest (D:5)
  2 orc wizards (D:5)
  A bullfrog skeleton (D:5)
  An iguana (D:5)
  4 worker ants
  A hound skeleton (D:5)
  A howler monkey zombie (D:5)
  Robin (D:2)
  3 gnolls (D:6)
  4 adders
  2 shadow imps
  An adder zombie (D:5)
  3 worms
  A dart slug (D:2)
  6 leopard geckos
  18 orcs
  4 giant cockroaches
  13 hobgoblins
  10 jackals
  5 kobolds
  4 quokkas
  A ball python zombie (D:6)
  6 bats
  3 frilled lizards
  12 goblins
  2 jackal skeletons
  2 quokka skeletons
  2 rats
134 creatures vanquished.

Vanquished Creatures (others)
  A wizard (D:6)
  A goblin (D:2)
2 creatures vanquished.

Grand Total: 136 creatures vanquished

Notes
Turn   | Place    | Note
-------+----------+-------------------------------------------
     0 | D:1      | Lanoc the Octopode Monk began the quest for the Orb.
     0 | D:1      | Reached XP level 1. HP: 16/16 MP: 1/1
    72 | D:1      | Reached skill level 3 in Stealth
    72 | D:1      | Reached XP level 2. HP: 17/21 MP: 2/2
   814 | D:2      | Reached XP level 3. HP: 26/26 MP: 3/3
   909 | D:2      | Noticed Robin
  1198 | D:2      | Reached skill level 4 in Stealth
  1212 | D:2      | Killed Robin
  1342 | D:2      | Reached XP level 4. HP: 18/31 MP: 4/4
  1587 | D:2      | Found a faded altar of an unknown god.
  1995 | D:3      | Reached skill level 5 in Stealth
  2262 | D:3      | Noticed Ymberto's ghost (amateur HuHu)
  2272 | D:3      | Killed Ymberto's ghost
  2272 | D:3      | Reached skill level 6 in Stealth
  2272 | D:3      | Reached XP level 5. HP: 36/36 MP: 5/5
  2595 | D:4      | Reached XP level 6. HP: 42/42 MP: 6/6
  2743 | D:5      | Entered Level 5 of the Dungeon
  2803 | D:5      | Reached skill level 7 in Stealth
  2923 | D:5      | Reached XP level 7. HP: 26/46 MP: 7/7
  3265 | D:5      | Reached skill level 8 in Stealth
  3374 | D:5      | Noticed Eustachio
  3381 | D:5      | Reached skill level 5 in Short Blades
  3417 | D:5      | Killed Eustachio
  3752 | D:6      | Noticed Menkaure
  3768 | D:6      | Reached skill level 9 in Stealth
  3771 | D:6      | Killed Menkaure
  3771 | D:6      | Reached XP level 8. HP: 24/54 MP: 8/8
  3806 | D:6      | Reached skill level 10 in Stealth
  3949 | D:6      | Found a bloodstained altar of Trog.
  3950 | D:6      | Noticed a wizard
  3956 | D:6      | Killed a wizard
  4088 | D:6      | Noticed Lanoc's ghost (novice OpMo)
  4089 | D:6      | Noticed Blork the orc
  4327 | D:6      | Reached skill level 5 in Dodging
  4327 | D:6      | Reached skill level 11 in Stealth
  4478 | D:6      | Killed Blork the orc
  4718 | D:6      | Killed Lanoc's ghost
  4718 | D:6      | Reached XP level 9. HP: 42/59 MP: 9/9
  4853 | D:7      | Found a shadowy altar of Dithmenos.
  4861 | D:7      | Became a worshipper of Dithmenos the Shadowed
  4861 | D:7      | Reached * piety under Dithmenos
  4861 | D:7      | Reached ** piety under Dithmenos
  4866 | D:7      | Found a sparkling altar of Nemelex Xobeh.
  4867 | D:7      | Found a staircase to the Ecumenical Temple.
  4882 | D:7      | Noticed a hellwing
  4891 | D:7      | Killed from afar by an orc wizard

Skill      XL: |  1  2  3  4  5  6  7  8 |
---------------+-------------------------+-----
Stealth        | 3 4 6 7 9 11 | 11.8
Short Blades   | 4 5 6 |  6.6
Dodging        | 4 5 |  5.3
Fighting       | 4 |  4.6

Action                   |  1- 3 |  4- 6 |  7- 9 || total
-------------------------+-------+-------+-------++-------
Melee: Short sword       |    16 |       |       ||    16
       Constrict         |    19 |    25 |    43 ||    87
       Tentacles         |    15 |    30 |    62 ||   107
       Dagger            |    64 |   110 |   251 ||   425
  Use: Scroll            |       |     7 |     3 ||    10
       Potion            |       |       |     3 ||     3
 Stab: Sleeping          |     6 |    12 |     7 ||    25
  Eat: Chunk             |     1 |     5 |     6 ||    12
Armor: Skin              |     5 |     4 |     1 ||    10
Dodge: Dodged            |    43 |    26 |    83 ||   152
Block: Other             |    15 |    12 |    27 ||    54
       Reflection        |     1 |       |       ||     1
